 Dungeon Crawl Stone Soup version 0.32-a0-841-g4648e6c (webtiles) character file.

Game seed: 12817626660861220919

21520 linda the Severer (level 12, -14/115 HPs)
             Began as a Minotaur Berserker on Mar 26, 2024.
             Was a High Priest of Trog.
             Demolished by a manticore (25 damage)
             ... summoned by Kirke
             ... on level 13 of the Dungeon.
             The game lasted 00:34:00 (11289 turns).

linda the Severer (Minotaur Berserker)             Turns: 11289, Time: 00:34:01

Health: -14/115    AC:  0    Str: 26    XL:     12   Next: 54%
Magic:  7/11       EV: 14    Int:  4    God:    Trog [*****.]
Gold:   686        SH:  0    Dex: 11    Spells: 11/11 levels left

rFire   . . .        H - melded +3 executioner's axe (elec)
rCold   . . .        (shield currently unavailable)
rNeg    . . .        A - melded +1 chain mail {rF+}
rPois   .            (helmet currently unavailable)
rElec   .            q - melded +0 cloak
rCorr   .            G - melded +0 pair of gloves
SInv    .            (boots currently unavailable)
Will    .....        s - amulet of regeneration
Stlth   ++           f - melded +4 ring of protection
HPRegen 1.19/turn    t - melded +6 ring of strength
MPRegen 0.12/turn

%: no passive effects
@: pig-form, spiked, attractive, slowed
A: fast, no casting, small, (horns 2), (retaliatory headbutt)
a: Renounce Religion, Berserk, Trog's Hand, Brothers in Arms


You were on level 13 of the Dungeon.
You worshipped Trog.
Trog was extremely pleased with you.
You were a filthy swine.
You visited 1 branch of the dungeon, and saw 13 of its levels.

You collected 736 gold pieces.
You spent 50 gold pieces at shops.

Inventory:

Hand Weapons
 j - a +0 hand axe of venom
 o - a +3 quarterstaff of chaos
 y - a +3 hand axe
 H - a +3 executioner's axe of electrocution (melded)
Missiles
 w - 4 throwing nets
Armour
 k - an orb of light
 q - a +0 cloak (melded)
 A - a +1 chain mail of fire resistance (melded)
 G - a +0 pair of gloves (melded)
Jewellery
 f - a +4 ring of protection (melded)
 s - an amulet of regeneration (around neck)
 t - a +6 ring of strength (melded)
Talismans
 v - a flux talisman
 x - a serpent talisman
Wands
 c - a wand of polymorph (8)
 n - a wand of flame (19)
 E - a wand of warping (9)
Scrolls
 m - a scroll of immolation
 p - 3 scrolls of teleportation
 u - a scroll of butterflies
 z - 2 scrolls of fear
 B - a scroll of blinking
Potions
 a - 2 potions of haste
 e - 3 potions of lignification
 g - a potion of enlightenment
 h - 2 potions of ambrosia
 i - 7 potions of curing
 l - 2 potions of magic
 r - 3 potions of might
 C - a potion of resistance {unknown}
 D - 2 potions of degeneration {unknown}
Miscellaneous
 F - a phantom mirror (quivered)


   Skills:
 + Level 13.0 Fighting
 + Level 16.2 Axes
 + Level 14.0 Armour
 + Level 4.4 Dodging
 + Level 2.0 Stealth


You had 11 spell levels left.
You didn't know any spells.
Your spell library contained the following spells:

 Spells                   Type           Power      Damage    Failure   Level
 Magic Dart               Conj           0%         1d3       50%         1
 Blink                    Tloc           0%         N/A       65%         2
 Call Imp                 Summ           0%         N/A       65%         2
 Sublimation of Blood     Necr           0%         N/A       65%         2
 Petrify                  Alch/Erth      0%         N/A       99%         4
 Irradiate                Conj/Alch      0%         3d11      100%        5


Dungeon Overview and Level Annotations

Branches:
Dungeon (13/15)            Temple (0/1) D:4            Lair (0/5) D:11
    Orc (0/2) D:9
 Vaults: D:13-14

Altars:
Fedhas
Uskayaw
Vehumet

Shops:
D:2 =   D:5 (   D:11 !

Annotations:
D:10 Sonja
D:13 Kirke


Innate Abilities, Weirdness & Mutations

You are a filthy swine.
You move quickly.
Your equipment is almost entirely melded.
You are incapable of wielding weapons or throwing items.
You cannot cast spells.
((You have a pair of horns on your head.))
((You reflexively headbutt those who attack you in melee.))


Message History

The manticore claws you.
* * * LOW HITPOINT WARNING * * *
The manticore claws you.
* * * LOW HITPOINT WARNING * * *
Kirke whispers, "No Minotaur can resist me..."
Kirke hits you but does no damage. The manticore bites you.
* * * LOW HITPOINT WARNING * * *
The manticore claws you.
* * * LOW HITPOINT WARNING * * *
The manticore claws you but does no damage.
You feel much better.
You recover from your berserk rage.
Kirke whispers, "No Minotaur can resist me..."
Kirke points at you and mumbles some strange words.
You feel as though you will be slow longer.
The manticore barely misses you. The manticore claws you.
The manticore claws you but does no damage.
Kirke points at you and mumbles some strange words.
You turn into a filthy swine.
Your +3 executioner's axe of electrocution melds into your body.
Your +0 cloak melds into your body.
Your +0 pair of gloves melds into your body.
Your +1 chain mail of fire resistance melds into your body.
Your +4 ring of protection melds into your body.
Your +6 ring of strength melds into your body.
Your +3 executioner's axe of electrocution stops crackling.
You feel less resistant to fire.
You feel weaker.
The manticore flicks its tail.
The volley of spikes skewers you!!
Barbed spikes become lodged in your body.
* * * LOW HITPOINT WARNING * * *
Kirke hits you!
* * * LOW HITPOINT WARNING * * *
The manticore is attracted toward you.
There is a stone staircase leading up, spattered with blood here.
Things that are here:
a hog corpse; a hog corpse The manticore bites you!!
You die...

#######
#.....#
#..§..#######
#.H..........
#†h@..####
#.....#
###..)#
##.....#
#.###.# #.#
.. #.# ## #..
..


You could see Kirke and a manticore (summoned).

Vanquished Creatures
  A very ugly thing (D:10)
  Azrael (D:12)
  Snorg (D:10)
  Erolcha (D:10)
  Harold (D:11)
  4 two-headed ogres
  A boulder beetle (D:12)
  Urug (D:11)
  An ugly thing (D:10)
  A manticore (D:12)
  A cyclops (D:11)
  Maurice (D:9)
  A kobold demonologist (D:12)
  2 unseen horrors
  A gargoyle (D:13)
  Maggie (D:10)
  2 trolls (D:11)
  A hornet (D:7)
  A shadow (D:10)
  2 vampires
  23 yaks
  A yak (shapeshifter) (D:10)
  4 wraiths
  A wyvern (D:10)
  3 hogs (D:13)
  5 fire elementals
  Eustachio (D:5)
  Edmund (D:6)
  2 steam dragons
  3 acid dragons
  3 hell hounds
  2 sky beasts
  3 black bears
  2 ice beasts
  5 orc warriors
  2 wolves (D:11)
  6 centaurs
  3 kobold brigands
  2 gnoll sergeants
  2 scorpions
  12 wights
  A jelly (D:6)
  7 howler monkeys
  3 electric eels (D:11)
  2 orc priests
  5 hounds
  Crazy Yiuf (D:5)
  2 sleepcaps
  Jessica (D:2)
  A gnoll bouda (D:7)
  5 iguanas
  Natasha (twice) (D:2)
  9 orc wizards
  17 gnolls
  13 adders
  2 white imps
  5 ufetubi
  2 ribbon worms
  31 orcs
  3 ball pythons (D:1)
  4 bats
  10 endoplasms
  3 giant cockroaches
  2 goblins
  5 hobgoblins
  2 jackals (D:3)
  11 kobolds
  3 quokkas
  4 frilled lizards
  9 rats
277 creatures vanquished.

Vanquished Creatures (others)
  A gnoll bouda (D:8)
  2 gnolls (D:8)
3 creatures vanquished.

Grand Total: 280 creatures vanquished

Notes
Turn   | Place    | Note
-------+----------+-------------------------------------------
     0 | D:1      | linda the Minotaur Berserker began the quest for the Orb.
     0 | D:1      | Reached XP level 1. HP: 19/19 MP: 0/0
   231 | D:1      | Reached XP level 2. HP: 26/27 MP: 1/1
   239 | D:1      | Reached skill level 4 in Axes
  1018 | D:2      | Reached XP level 3. HP: 29/33 MP: 2/2
  1413 | D:2      | Reached ** piety under Trog
  1533 | D:2      | Found a radiant altar of Vehumet.
  1822 | D:2      | Reached XP level 4. HP: 19/41 MP: 3/3
  1837 | D:2      | Noticed Jessica
  1847 | D:2      | Killed Jessica
  1966 | D:2      | Noticed Natasha
  1973 | D:2      | Reached skill level 5 in Axes
  1980 | D:2      | Killed Natasha
  2112 | D:2      | Reached XP level 5. HP: 47/47 MP: 4/4
  2198 | D:2      | Found Kuasepp's Jewellery Shoppe.
  2326 | D:2      | Noticed Natasha
  2331 | D:2      | Killed Natasha
  2695 | D:3      | Reached *** piety under Trog
  2994 | D:4      | Reached XP level 6. HP: 55/55 MP: 5/5
  3072 | D:4      | Reached skill level 5 in Armour
  3090 | D:4      | Found a staircase to the Ecumenical Temple.
  3133 | D:4      | Reached skill level 5 in Fighting
  3522 | D:4      | Reached skill level 6 in Axes
  3936 | D:5      | Entered Level 5 of the Dungeon
  4053 | D:5      | Found a hide-covered altar of Uskayaw.
  4125 | D:5      | Reached skill level 7 in Axes
  4180 | D:5      | Reached XP level 7. HP: 56/61 MP: 6/6
  4254 | D:5      | Noticed Eustachio
  4265 | D:5      | Killed Eustachio
  4265 | D:5      | Reached **** piety under Trog
  4291 | D:5      | Reached skill level 8 in Axes
  4543 | D:5      | Reached skill level 1 in Stealth
  4622 | D:5      | Found Hiwekiov's Weapon Emporium.
  4695 | D:5      | Found a blossoming altar of Fedhas.
  4706 | D:5      | Reached XP level 8. HP: 70/70 MP: 7/7
  4941 | D:5      | Found a runed translucent door.
  4942 | D:5      | Noticed Crazy Yiuf
  5092 | D:5      | Killed Crazy Yiuf
  5093 | D:5      | Reached skill level 9 in Axes
  5587 | D:6      | Noticed Edmund
  5597 | D:6      | Killed Edmund
  5976 | D:7      | Noticed a hornet
  5983 | D:7      | Killed a hornet
  5984 | D:7      | Reached skill level 10 in Axes
  6099 | D:7      | Reached XP level 9. HP: 79/79 MP: 8/8
  6156 | D:7      | Reached skill level 11 in Axes
  6890 | D:8      | Reached skill level 12 in Axes
  7035 | D:8      | Reached ***** piety under Trog
  7453 | D:9      | Noticed Maurice
  7468 | D:9      | Maurice stole a flux talisman
  7472 | D:9      | Killed Maurice
  7473 | D:9      | Reached XP level 10. HP: 82/90 MP: 4/9
  7538 | D:9      | Noticed a two-headed ogre
  7545 | D:9      | Killed a two-headed ogre
  7546 | D:9      | Reached skill level 13 in Axes
  7607 | D:9      | Reached skill level 10 in Armour
  7607 | D:9      | Noticed a two-headed ogre
  7622 | D:9      | Killed a two-headed ogre
  7683 | D:9      | Found a staircase to the Orcish Mines.
  8314 | D:10     | Entered Level 10 of the Dungeon
  8319 | D:10     | Noticed Snorg
  8335 | D:10     | Killed Snorg
  8336 | D:10     | Reached skill level 10 in Fighting
  8336 | D:10     | Reached skill level 14 in Axes
  8394 | D:10     | Noticed Maggie
  8403 | D:10     | Killed Maggie
  8437 | D:10     | Reached XP level 11. HP: 100/100 MP: 10/10
  8849 | D:10     | Noticed Erolcha
  8861 | D:10     | Killed Erolcha
  8911 | D:10     | Noticed a green ugly thing
  8928 | D:10     | Killed a red ugly thing
  8930 | D:10     | Noticed a red very ugly thing
  8948 | D:10     | Killed a red very ugly thing
  9085 | D:10     | Noticed Sonja
  9701 | D:11     | Found Xaerehuo's Distillery.
  9720 | D:11     | Reached skill level 15 in Axes
  9758 | D:11     | Bought a potion of heal wounds for 50 gold pieces
  9894 | D:11     | Noticed Urug
  9932 | D:11     | Killed Urug
 10215 | D:11     | Received a gift from Trog
 10266 | D:11     | Noticed Harold
 10278 | D:11     | Killed Harold
 10279 | D:11     | Reached XP level 12. HP: 112/112 MP: 11/11
 10342 | D:11     | Found a staircase to the Lair.
 10721 | D:12     | Noticed a two-headed ogre
 10727 | D:12     | Killed a two-headed ogre
 10763 | D:12     | Noticed a boulder beetle
 10772 | D:12     | Killed a boulder beetle
 10777 | D:12     | Noticed a two-headed ogre
 10783 | D:12     | Killed a two-headed ogre
 10867 | D:12     | Noticed Azrael
 11244 | D:12     | Reached skill level 16 in Axes
 11245 | D:12     | Killed Azrael
 11274 | D:12     | Noticed Kirke
 11289 | D:13     | Demolished by a manticore

Illustrated notes

Levels and vault maps discovered:
D:1:      dpeg_arrival_lava_altar, layout_basic, minmay_misc_feat_tiny
D:2:      layout_basic, serial_shops, nicolae_shop_peninsula, basic_altar,
          uniq_jessica, uniq_natasha
D:3:      layout_rooms, minmay_quantized
D:4:      layout_loops_corners, minmay_temple_entry_offerings
D:5:      layout_cave_pods, lemuel_tele_altar,
          nicolae_uskayaw_murder_on_the_dancefloor, serial_shops, shop,
          uniq_eustachio, uniq_crazy_yiuf_cottage
D:6:      layout_basic, kennysheep_generic_room_7, uniq_edmund
D:7:      layout_cave_pods
D:8:      layout_basic
D:9:      layout_irregular_city, david_orc_2, serial_bayou_lake_a, uniq_maurice
D:10:     nzn_winding_woodlands_small [nzn_winding_woodlands_5x15_sidewinder,
          nzn_winding_woodlands_center_lodge,
          nzn_winding_woodlands_5x15_zeroes], layout_stronghold, uniq_maggie,
          uniq_snorg, uniq_sonja, uniq_erolcha
D:11:     layout_loops_cross, erik_lair_island, serial_shops,
          nicolae_stop_n_shop_1, uniq_harold, uniq_urug
D:12:     layout_cross, uniq_kirke, uniq_azrael
D:13:     layout_loops_ring, serial_rivers, chequers_serial_rivers_micro_b,
          chequers_serial_rivers_small_b, chequers_serial_rivers_small_b,
          chequers_serial_rivers_micro_a

Skill      XL: |  1  2  3  4  5  6  7  8  9 10 11 12 |
---------------+-------------------------------------+-----
Fighting       | 4 5 7 8 10 12 13 | 13.0
Axes           | 4 5 7 8 10 12 14 15 16 | 16.2
Armour         | 3 4 5 6 7 9 11 13 14 | 14.0
Stealth        | 1 2 |  2.0
Dodging        | 3 4 |  4.4

Action                     |  1- 3 |  4- 6 |  7- 9 | 10-12 || total
---------------------------+-------+-------+-------+-------++-------
  Melee: Hand axe          |    75 |   143 |   200 |   335 ||   753
         Headbutt          |    10 |    20 |    51 |   128 ||   209
         Executioner's axe |       |       |       |    62 ||    62
 Invoke: Berserk           |       |       |     2 |     7 ||     9
    Use: Scroll            |     4 |     4 |     9 |     6 ||    23
         Potion            |     1 |       |       |     7 ||     8
   Stab: Distracted        |     1 |       |       |       ||     1
 Armour: Animal skin       |    11 |       |       |       ||    11
         Plate armour      |    58 |   116 |   157 |       ||   331
         Chain mail        |       |       |    25 |   418 ||   443
         Skin              |       |       |       |     3 ||     3
  Dodge: Dodged            |    44 |    43 |    77 |   188 ||   352

Table legend: (Time is in decaauts)
 A = Elapsed time spent in this place.
 B = Non-inter-level travel time spent in this place.
 C = Inter-level travel time spent in this place.
 D = Time resting spent in this place.
 E = Time spent auto-exploring this place.
 F = Levels seen in this place.
 G = Mean time per level.
                   A        B        C        D        E       F      G
               +--------+--------+--------+--------+--------+-----+--------+
         Total |  11253 |  10714 |    539 |   1469 |   7270 |  13 |  865.6 |
       Dungeon |  11253 |  10714 |    539 |   1469 |   7270 |  13 |  865.6 |
               +--------+--------+--------+--------+--------+-----+--------+

Top non-repeatable levels by time:
    D:10: 1394 daAuts
     D:1: 1336 daAuts
     D:5: 1238 daAuts
     D:2: 1052 daAuts
     D:4: 1001 daAuts
    D:11: 966 daAuts
     D:9: 858 daAuts
     D:6: 799 daAuts
     D:8: 742 daAuts
     D:7: 706 daAuts
     D:3: 543 daAuts
    D:13: 368 daAuts
    D:12: 244 daAuts
